 Dungeon Crawl Stone Soup version 0.32-a0-576-g706899e69d (webtiles) character file.

Game seed: 14895036670928405616

112 Dittersdorf the Covered (level 4, -2/29 HPs)
             Began as a Gargoyle Fighter on Mar 1, 2024.
             Slain by a goblin
             ... wielding a +0 club
             ... led by Robin
              (4 damage)
             ... on level 3 of the Dungeon.
             The game lasted 00:01:43 (1847 turns).

Dittersdorf the Covered (Gargoyle Fighter)          Turns: 1847, Time: 00:01:43

Health: -2/29      AC: 10    Str: 21    XL:     4   Next: 95%
Magic:  4/4        EV:  9    Int:  9    God:
Gold:   97         SH:  4    Dex:  9    Spells: 3/3 levels left

rFire   . . .        a - +0 flail
rCold   . . .        c - +0 buckler
rNeg    + . .        b - +0 scale mail
rPois   ∞            (no helmet)
rElec   +            (no cloak)
rCorr   .            (no gloves)
SInv    .            (no boots)
Will    .....        (no amulet) Stlth
                     (no ring)
HPRegen 0.24/turn    (no ring)
MPRegen 0.09/turn

%: no passive effects
@: no status effects
A: sickness immunity, AC +3, negative energy resistance 1, electricity
resistance, torment resistance 1, petrification resistance
a: no special abilities


You were on level 3 of the Dungeon.
You visited 1 branch of the dungeon, and saw 3 of its levels.

You collected 97 gold pieces.

Inventory:

Hand Weapons
 a - a +0 flail (weapon)
Armour
 b - a +0 scale mail (worn)
 c - a +0 buckler (worn)
Jewellery
 o - an amulet of regeneration
Scrolls
 e - 3 scrolls of enchant armour {unknown}
 f - 3 scrolls of vulnerability {unknown}
 g - a scroll of immolation {unknown}
 h - a scroll of teleportation {unknown}
 j - a scroll of acquirement {unknown}
 k - a scroll of noise {unknown}
 l - a scroll of poison {unknown}
 m - 2 scrolls of identify {unknown}
Potions
 d - a potion of might
 i - a potion of attraction {unknown}
 n - a potion of curing {unknown}
 p - a potion of ambrosia {unknown}


   Skills:
 + Level 4.1 Fighting
 + Level 2.9 Maces & Flails
 + Level 4.1 Armour
 + Level 4.1 Shields


You had 3 spell levels left.
You didn't know any spells.
Your spell library contained the following spells:

 Spells                   Type           Power      Damage    Failure   Level
 Manifold Assault         Tloc           0%         N/A       100%        4
 Dispersal                Tloc           0%         N/A       100%        6
 Disjunction              Tloc           0%         N/A       100%        8


Dungeon Overview and Level Annotations

Branches:
Dungeon (3/15)

Altars:
Hepliaklqana

Annotations:
D:3 Robin


Innate Abilities, Weirdness & Mutations

You are immune to sickness and miasma.
Your stone body is resilient. (AC +3)
You are immune to poison.
You resist negative energy. (rN+)
You are resistant to electric shocks. (rElec)
You are resistant to unholy torment.
You are immune to petrification.


Message History

You kill the orc!
You block the goblin's attack. The goblin hits you but does no damage.
Robin throws the goblin at you! The goblin hits you with a +0 club. x2
You closely miss the goblin. The goblin hits you with a +0 dagger.
The goblin misses you. The goblin hits you but does no damage.
You block the hobgoblin's attack. The goblin barely misses you.
The goblin hits you but does no damage. The goblin hits you with a +0 club.
The goblin barely misses you. You block the hobgoblin's attack.
The goblin closely misses you. The goblin hits you with a +0 club.
The goblin hits you but does no damage.
You are too injured to fight recklessly!
You are too injured to fight recklessly!
You are too injured to fight recklessly!
You are too injured to fight recklessly!
You are too injured to fight recklessly!
You are too injured to fight recklessly!
You are too injured to fight recklessly!
You are too injured to fight recklessly!
You are too injured to fight recklessly!
You are too injured to fight recklessly!
You are too injured to fight recklessly!
You are too injured to fight recklessly!
You are too injured to fight recklessly!
You hit the goblin but do no damage. The goblin hits you but does no damage.
The goblin hits you with a +0 club.
* * * LOW HITPOINT WARNING * * *
The goblin hits you but does no damage. x2; The goblin hits you with a +0 club.
* * * LOW HITPOINT WARNING * * *
The hobgoblin barely misses you.
You hit the goblin.
The goblin is severely wounded.
The goblin hits you but does no damage. The goblin hits you with a +0 club.
* * * LOW HITPOINT WARNING * * *
The goblin closely misses you. You block the goblin's attack.
The goblin hits you but does no damage.
The hobgoblin hits you but does no damage.
You barely miss the goblin.
The goblin is severely wounded.
You block the goblin's attack. The goblin hits you with a +0 club.
You die...

..........##
...........##.# ......
###..########.# ..... .
....##...# #.# #.... .$
#.####.#.# #.#[#... ...
#.# #.#.####.#. g. ..
#[####.#....... g#'#.#
.......#.####)###gg...#
...........##..g@gg...#
...............ggg..#.#
...#######.......g.<#
......................#
........................
...###########..........
...#......# #..........
..........# #..........
##........# ......


You could see Robin, 4 hobgoblins and 6 goblins.

Vanquished Creatures
  Jessica (D:2)
  An adder (D:2)
  A dart slug (D:1)
  3 orcs (D:3)
  7 ball pythons
  7 bats
  4 endoplasms
  7 goblins
  6 hobgoblins
  10 jackals
  2 quokkas
  6 frilled lizards
  5 kobolds (D:1)
  4 rats
64 creatures vanquished.

Notes
Turn   | Place    | Note
-------+----------+-------------------------------------------
     0 | D:1      | Dittersdorf the Gargoyle Fighter began the quest for the
                  | Orb.
     0 | D:1      | Reached XP level 1. HP: 14/14 MP: 1/1
    87 | D:1      | Reached XP level 2. HP: 14/19 MP: 2/2
   302 | D:1      | Reached XP level 3. HP: 23/23 MP: 3/3
   520 | D:1      | Found a faded altar of an unknown god.
   912 | D:2      | Noticed Jessica
   945 | D:2      | Reached XP level 4. HP: 13/29 MP: 4/4
   966 | D:2      | Killed Jessica
  1142 | D:2      | Found Haurghosm's Assorted Antiques.
  1151 | D:2      | Found a hazy altar of Hepliaklqana.
  1837 | D:3      | Noticed Robin
  1847 | D:3      | Slain by a goblin

Illustrated notes

Levels and vault maps discovered:
D:1:      mainiacjoe_arrival_oval_in_oval, layout_rooms,
          hellmonk_ecumenical_altar_inner_sanctum, glass_columns_a
D:2:      layout_basic, serial_bayou, serial_bayou_lake_a, serial_bayou_shore_a,
          serial_bayou_pond_b, serial_bayou_pond_c, basic_altar, serial_shops,
          nicolae_shop_overgrown_old_shop, uniq_jessica
D:3:      cheibrodos_helix_gallery, layout_basic, uniq_robin

Skill      XL: |  1  2  3  4 |
---------------+-------------+-----
Armour         | 4 |  4.1
Shields        | 4 |  4.1
Fighting       | 4 |  4.1
Maces & Flails | |  2.9

Action                     |  1- 3 |  4- 6 || total
---------------------------+-------+-------++-------
  Melee: Flail             |   147 |    61 ||   208
 Armour: Scale mail        |   161 |    68 ||   229
  Dodge: Dodged            |    91 |    44 ||   135
  Block: Buckler           |    60 |    24 ||    84

Table legend: (Time is in decaauts)
 A = Elapsed time spent in this place.
 B = Non-inter-level travel time spent in this place.
 C = Inter-level travel time spent in this place.
 D = Time resting spent in this place.
 E = Time spent auto-exploring this place.
 F = Levels seen in this place.
 G = Mean time per level.
                   A        B        C        D        E       F      G
               +--------+--------+--------+--------+--------+-----+--------+
         Total |   1958 |   1878 |     80 |      0 |   1392 |   3 |  652.7 |
       Dungeon |   1958 |   1878 |     80 |      0 |   1392 |   3 |  652.7 |
               +--------+--------+--------+--------+--------+-----+--------+

Top non-repeatable levels by time:
     D:2: 883 daAuts
     D:1: 771 daAuts
     D:3: 303 daAuts
